 Dungeon Crawl Stone Soup version 0.30.1-11-g7821555f0a (webtiles) character file.

Game seed: 10393767028865249668

1026 PaiMei the Scholar of Death (level 8, -3/60 HPs)
             Began as a Demonspawn Necromancer on Jan 10, 2024.
             Was a Follower of Kikubaaqudgha.
             Slain by Blork the orc
             ... wielding a +0 war axe
              (15 damage)
             ... on level 6 of the Dungeon.
             The game lasted 00:06:54 (6771 turns).

PaiMei the Scholar of Death (DsNe)                  Turns: 6771, Time: 00:06:55

Health: -3/60      AC:  2    Str: 14    XL:     8   Next: 2%
Magic:  12/15      EV: 13    Int: 19    God:    Kikubaaqudgha [*.....]
Gold:   198        SH:  0    Dex: 14    Spells: 8/16 levels left

rFire   + . .        w - +2 spear (chaos)
rCold   + . .        (no shield)
rNeg    . . .        a - +0 robe
rPois   .            (no helmet)
rElec   .            q - scarf {rC+ rF+}
rCorr   .            (no gloves)
SInv    .            (no boots)
Will    .....        (no amulet)
Stlth   ++           p - +6 ring of strength
HPRegen 0.30/turn    (no ring)
MPRegen 0.14/turn

%: no passive effects
@: very slightly contaminated
A: icemail 1, powered by pain 2, condensation shield, demonic touch 1
a: Renounce Religion, Unearth Wretches


You were on level 6 of the Dungeon.
You worshipped Kikubaaqudgha.
Kikubaaqudgha was aware of your devotion.
You visited 2 branches of the dungeon, and saw 7 of its levels.

You collected 234 gold pieces.
You spent 36 gold pieces at shops.

Inventory:

Hand Weapons
 c - a +0 whip
 w - a +2 spear of chaos (weapon)
Missiles
 u - 6 datura-tipped darts (quivered)
Armour
 a - a +0 robe (worn)
 h - a scarf of invisibility
 l - an orb of wrath
 q - a scarf of resistance (worn)
Jewellery
 p - a +6 ring of strength (left hand)
 t - a +6 ring of strength
Scrolls
 e - 7 scrolls of identify {unknown}
 g - 4 scrolls of vulnerability {unknown}
 i - a scroll of poison {unknown}
 k - a scroll of summoning {unknown}
 m - 4 scrolls of teleportation
 n - 3 scrolls of amnesia {unknown}
 r - a scroll of noise {unknown}
 s - 2 scrolls of fear {unknown}
 v - a scroll of enchant weapon {unknown}
 x - a scroll of magic mapping {unknown}
Potions
 b - 4 potions of magic
 d - 4 potions of heal wounds {unknown}
 f - 3 potions of flight {unknown}
 j - a potion of degeneration {unknown}
 o - a potion of ambrosia {unknown}
 z - a potion of mutation {unknown}


   Skills:
 + Level 4.2 Fighting
 + Level 4.4 Dodging
 - Level 2.0 Stealth
 + Level 4.6 Spellcasting
 + Level 6.7 Necromancy


You had 8 spell levels left.
You knew the following spells:

 Your Spells              Type           Power      Damage    Failure   Level
a - Necrotise             Necr           100%       1d9       1%          1
b - Vampiric Draining     Necr           30%        2d8       2%          3
c - Animate Dead          Necr           30%        N/A       8%          4

Your spell library contained the following spells:

 Spells                   Type           Power      Damage    Failure   Level
 Sublimation of Blood     Necr           30%        N/A       1%          2
 Kiss of Death            Conj/Necr      68%        2d10      3%          1
 Cigotuvi's Dreadful Rot  Necr/Pois/Air  26%        N/A       8%          2
 Summon Small Mammal      Summ           16%        N/A       13%         1
 Agony                    Necr           30%        N/A       22%         5
 Call Canine Familiar     Summ           4%         N/A       36%         3
 Summon Guardian Golem    Hex/Summ       4%         N/A       36%         3


Dungeon Overview and Level Annotations

Branches:
Dungeon (6/15)             Temple (1/1) D:4

Altars:
Ashenzari
Cheibriados
Dithmenos
Gozag
Hepliaklqana
Kikubaaqudgha
Makhleb
Nemelex Xobeh
Okawaru
Ru
Sif Muna
Trog
Uskayaw
Vehumet
Wu Jian
Xom
Yredelemnul

Shops:
D:3 *

Annotations:
D:3 Ijyb
D:6 Blork the orc


Innate Abilities, Weirdness & Mutations

A meltable icy envelope protects you from harm. (AC +0)
You sometimes gain power by taking damage.
A meltable shield of frost defends you. (SH +0)
Your touch may inflict minor irresistible damage on your foes.


Message History

You touch Blork the orc!
Blork the orc is moderately wounded.
Blork the orc hits you with a +0 war axe. x2
Casting: Vampiric Draining (dangerous; 2% risk of failure)
Confirm with . or Enter, or press ? or * to list all spells.
You don't have enough magic to cast this spell.
You puncture Blork the orc!
Blork the orc resists with some effort.
Your touch misses Blork the orc.
Blork the orc is heavily wounded.
Blork the orc gestures at you while chanting.
The puff of flame hits you.
Your icy defences dissipate!
You resist.
You hit Blork the orc.
Blork the orc is severely wounded.
Blork the orc barely misses you. Blork the orc closely misses you.
You miss Blork the orc.
You touch Blork the orc.
Blork the orc is almost dead.
Blork the orc hits you with a +0 war axe!
Blork the orc barely misses you.
You miss Blork the orc. Your punch misses Blork the orc.
Blork the orc is almost dead.
Blork the orc hits you with a +0 war axe.
You hit Blork the orc. Your touch misses Blork the orc.
Blork the orc is almost dead.
Blork the orc hits you with a +0 war axe!
You focus on the pain.
You feel your power returning.
Blork the orc hits you with a +0 war axe!
* * * LOW HITPOINT WARNING * * *
Casting: Vampiric Draining (dangerous; 2% risk of failure)
Confirm with . or Enter, or press ? or * to list all spells.
Aiming: Vampiric Draining (dangerous; 2% risk of failure)
Press: ? - help, Shift-Dir - straight line, f - Blork the orc
Aim: Blork the orc, wielding a +0 war axe and wearing a +0 robe (almost dead, fast, unusually agile)
You miscast Vampiric Draining.
You are very lightly contaminated with residual magic.
Nothing appears to happen.
Blork the orc hits you with a +0 war axe!
You die...
Kikubaaqudgha rasps: "You have failed me!
Welcome... death!"

#.... #...# #...#
#...# #...# #...##
#...$## #....†##
#..(.o@# #......##
##......# ###....#
##...#############
#...............##
#................#
#......######....#
#.....## ##...#


You could see Blork the orc (fast, agile).

Vanquished Creatures
  A water moccasin (D:5)
  2 black bears
  A centaur (D:5)
  3 hounds
  2 jellies
  2 sleepcaps
  4 orc priests (D:4)
  6 orc wizards
  An iguana (D:5)
  2 gnolls (D:5)
  A river rat (D:3)
  4 adders
  A shadow imp (D:5)
  A dart slug (D:4)
  15 orcs
  4 endoplasms
  3 giant cockroaches (D:3)
  5 hobgoblins
  4 jackals (D:4)
  2 kobolds (D:1)
  3 quokkas
  6 ball pythons
  4 bats
  3 frilled lizards
  3 goblins (D:4)
  5 rats
88 creatures vanquished.

Vanquished Creatures (collateral kills)
  A dart slug (D:3)
  An orc (D:5)
  A goblin (D:1)
  2 rats
5 creatures vanquished.

Grand Total: 93 creatures vanquished

Notes
Turn   | Place    | Note
-------+----------+-------------------------------------------
     0 | D:1      | PaiMei the Demonspawn Necromancer began the quest for the
                  | Orb.
     0 | D:1      | Reached XP level 1. HP: 13/13 MP: 3/3
   324 | D:1      | Gained mutation: Your touch may inflict minor irresistible
                  | damage on your foes. [demonic ancestry]
   324 | D:1      | Reached XP level 2. HP: 19/19 MP: 1/5
  1703 | D:3      | Gained mutation: A meltable shield of frost defends you.
                  | (SH +0) [demonic ancestry]
  1703 | D:3      | Reached XP level 3. HP: 24/25 MP: 0/6
  1925 | D:3      | Noticed Ijyb
  1959 | D:3      | Found a faded altar of an unknown god.
  2134 | D:3      | Found Baetiann's General Store.
  2137 | D:3      | Bought a scroll of teleportation for 36 gold pieces
  2228 | D:3      | Reached skill level 1 in Fighting
  2577 | D:4      | Gained mutation: You sometimes gain a little power by
                  | taking damage. [demonic ancestry]
  2577 | D:4      | Reached XP level 4. HP: 26/32 MP: 1/7
  2628 | D:4      | Found a staircase to the Ecumenical Temple.
  2638 | D:4      | Reached skill level 5 in Necromancy
  2893 | D:4      | Found a broken altar of Ashenzari.
  2897 | D:4      | Saw a vision of the Shoals and the Snake Pit.
  2897 | D:4      | Noticed a sea snake
  2897 | D:4      | Noticed a salamander
  2897 | D:4      | Noticed a merfolk
  2897 | D:4      | Noticed a naga
  2897 | D:4      | Noticed a merfolk aquamancer
  2897 | D:4      | Noticed a harpy
  2897 | D:4      | Noticed a mana viper
  2897 | D:4      | Noticed a black mamba
  2897 | D:4      | Noticed a merfolk impaler
  2897 | D:4      | Noticed a black mamba
  2897 | D:4      | Noticed a salamander
  2897 | D:4      | Noticed a water nymph
  2897 | D:4      | Noticed a naga mage
  2898 | D:4      | Noticed a snapping turtle
  2898 | D:4      | Noticed a black mamba
  3136 | D:4      | Reached XP level 5. HP: 23/38 MP: 1/9
  3313 | D:4      | Learned a level 3 spell: Vampiric Draining
  3318 | D:4      | Learned a level 4 spell: Animate Dead
  4218 | D:4      | Gained mutation: A meltable icy envelope protects you from
                  | harm. (AC +0) [demonic ancestry]
  4218 | D:4      | Reached XP level 6. HP: 46/46 MP: 4/11
  4472 | D:4      | Found a shimmering blue altar of Sif Muna.
  4587 | Temple   | Entered the Ecumenical Temple
  4641 | Temple   | Became a worshipper of Kikubaaqudgha
  4937 | D:5      | Entered Level 5 of the Dungeon
  5199 | D:5      | Reached skill level 6 in Necromancy
  5215 | D:5      | Reached XP level 7. HP: 51/52 MP: 0/12
  5626 | D:5      | Reached * piety under Kikubaaqudgha
  5626 | D:5      | Received a gift from Kikubaaqudgha
  5826 | D:5      | Found a shimmering altar of Xom.
  6453 | D:5      | Found a sacrificial altar of Ru.
  6752 | D:6      | Noticed Blork the orc
  6764 | D:6      | Gained mutation: You sometimes gain power by taking damage.
                  | [demonic ancestry]
  6764 | D:6      | Reached XP level 8. HP: 60/60 MP: 1/15
  6771 | D:6      | Slain by Blork the orc

Illustrated notes

Levels and vault maps discovered:
D:1:      minmay_arrival_stair_chambers, layout_basic
D:2:      layout_loops_ring
D:3:      layout_basic, serial_shops, nicolae_shop_real_fake_doors,
          portal_sewer_entry_b, basic_ecumenical_altar, uniq_ijyb
D:4:      layout_loops_ring, lemuel_blue_sif_altar, grunt_ashenzari_visionary
          [grunt_ashenzari_visionary_shoals, grunt_ashenzari_visionary_snake],
          minmay_temple_entry_mini_moons
D:5:      layout_cave_pods, lemuel_round_altar, tgw_xom, corexii_hall_statues_l
D:6:      layout_layer_cave, serial_shops, shop, shop, nicolae_shop_mannequins,
          shop_statue, uniq_blork_the_orc
Temple:   nicolae_temple_bog_church

Skill      XL: |  1  2  3  4  5  6  7 |
---------------+----------------------+-----
Stealth        | 2 |  2.0
Dodging        | 2 3 4 |  4.4
Fighting       | 1 2 3 4 |  4.2
Necromancy     | 5 6 |  6.7
Spellcasting   | 3 4 |  4.6

Action                     |  1- 3 |  4- 6 |  7- 9 || total
---------------------------+-------+-------+-------++-------
  Melee: Whip              |     9 |    30 |     8 ||    47
         Touch             |     2 |     6 |     3 ||    11
         Punch             |       |     1 |       ||     1
         Spear             |       |       |    10 ||    10
   Cast: Necrotise         |    71 |    79 |    41 ||   191
         Vampiric Draining |       |     8 |    13 ||    21
 Armour: Robe              |     3 |    11 |    11 ||    25
  Dodge: Dodged            |    17 |    26 |    39 ||    82
  Block: Other             |     5 |     9 |     6 ||    20
